 Dungeon Crawl Stone Soup version 0.20.1-1-g8b1a95d (webtiles) character file.

29 Gobbopathe the Insei (level 3, 0/17 HPs)
             Began as a Vine Stalker Transmuter on Oct 6, 2017.
             Slain by an adder (2 damage)
             ... on level 2 of the Dungeon.
             The game lasted 00:02:19 (1117 turns).

Gobbopathe the Insei (Vine Stalker Transmuter)      Turns: 1117, Time: 00:02:20

Health: 0/17       AC:  2    Str: 12    XL:     3   Next: 16%
Magic:  0/7        EV: 12    Int: 14    God:
Gold:   25         SH:  0    Dex: 14    Spells: 1/7 levels left

rFire    . . .     SeeInvis .     - Unarmed
rCold    . . .     Gourm    .   (no shield)
rNeg     . . .     Faith    .   b - +0 robe
rPois    .         Spirit   +   (no helmet)
rElec    .         Reflect  .   (no cloak)
rCorr    .         Harm     .   (no gloves)
MR       .....                  (no boots)
Stlth    +.........             (no amulet)
Regen    0.1/turn               (no ring)
MPRegen  0.1/turn               (no ring)

@: appendage (expiring)
A: fangs 2, horns 2, magic shield, antimagic bite, no potion heal 3, rot
immunity
a: End Transformation


You were on level 2 of the Dungeon.
You were not hungry.
You had grown temporary horns.
You visited 1 branch of the dungeon, and saw 3 of its levels.

You collected 25 gold pieces.

Inventory:

Missiles
 a - 11 arrows
 e - 36 stones (quivered)
Armour
 b - a +0 robe (worn)
Jewellery
 f - an uncursed ring of flight {unknown}
Scrolls
 g - a scroll of remove curse {unknown}
 h - a scroll of blinking {unknown}
Potions
 i - a potion of haste {unknown}
Books
 c - a book of Changes

   Spells                             Type                      Level
   a - Beastly Appendage              Transmutation                1
   b - Sticks to Snakes               Transmutation                2
   c - Spider Form                    Transmutation/Poison         3
   d - Ice Form                       Ice/Transmutation            4
   e - Blade Hands                    Transmutation                5
Comestibles
 d - a bread ration
 j - 2 chunks of flesh


   Skills:
 - Level 0.8 Fighting
 - Level 1.5 Dodging
 + Level 3.4 Unarmed Combat
 + Level 2.6 Spellcasting
 * Level 2.6 Transmutations


You had one spell level left.
You knew the following spells:

 Your Spells              Type           Power        Failure   Level  Hunger
a - Beastly Appendage     Tmut           #.....       8%          1    #......
b - Sticks to Snakes      Tmut           #.......     12%         2    ###....
c - Spider Form           Tmut/Pois      #.........   36%         3    ###....


Dungeon Overview and Level Annotations

Branches:
Dungeon (3/15)

Altars:

Annotations:
D:3 Terence


Innate Abilities, Weirdness & Mutations

You have extremely sharp teeth.
When hurt, damage is shared between your health and your magic reserves.
Your bite disrupts and absorbs the magic of your enemies.
Potions cannot restore your health.
You are immune to rotting.
You have a pair of horns on your head.


Message History

You hit the bat.
You kill the bat!
The frilled lizard unfolds its giant frill.
The frilled lizard bites you. The hobgoblin hits you with a club.
Casting: Beastly Appendage
Confirm with . or Enter, or press ? or * to list all spells.
You create a snake!
You now have 11 arrows.
The frilled lizard hisses.
The frilled lizard bites you. The hobgoblin hits you with a club.
* * * LOW HITPOINT WARNING * * *
Your adder closely misses the frilled lizard.
The frilled lizard closely misses your adder.
The adder bites you.
* * * LOW HITPOINT WARNING * * *
You hit the adder. Your bite misses the adder.
The adder is moderately wounded.
Your adder bites the frilled lizard.
The frilled lizard dies!
The adder bites you.
You die...

.. #......# #.# #.#
#......#### #.# ..
#.......... #.# #.#
####$......... ...
#####.. #.........!...
.## .......
#............. .
.......##.....g.......
..
........#....S†.......
#######.#...@S#######.
#.......# #.......##
#........#
#####........#
#............#
#.####.......#
#.....#.# ##.##.#.#


You could see an adder, a hobgoblin and a friendly adder.

Vanquished Creatures
  A dart slug (D:1)
  2 leopard geckos
  6 bats
  2 giant cockroaches (D:1)
  3 hobgoblins
  2 kobolds (D:1)
  A quokka (D:2)
  A frilled lizard (D:1)
  2 goblins (D:1)
  A rat (D:1)
21 creatures vanquished.

Vanquished Creatures (collateral kills)
  A frilled lizard (D:2)
1 creature vanquished.

Grand Total: 22 creatures vanquished

Notes
Turn   | Place    | Note
-------+----------+-------------------------------------------
     0 | D:1      | Gobbopathe the Vine Stalker Transmuter began the quest for the Orb.
     0 | D:1      | Reached XP level 1. HP: 9/9 MP: 4/4
   144 | D:1      | Reached XP level 2. HP: 14/14 MP: 6/6
   152 | D:1      | Learned a level 2 spell: Sticks to Snakes
   848 | D:1      | Reached XP level 3. HP: 12/17 MP: 4/7
   853 | D:1      | Learned a level 3 spell: Spider Form
  1047 | D:3      | Noticed Terence
  1117 | D:2      | Slain by an adder

Action                   || total
-------------------------++-------
Melee: Unarmed           ||    65
       Headbutt          ||     2
       Bite              ||    12
       Kick              ||    11
 Cast: Beastly Appendage ||    16
       Sticks to Snakes  ||     1
  Eat: Chunk             ||     1
Armor: Robe              ||    14
Dodge: Dodged            ||    48
